[Event "Titled Tuesday Blitz April 18 Early 2023"]
[White "Kubatko, Ivan"]
[Black "Coelho, Ramyres Santana"]
[WhiteFideId "24111473"]
[BlackFideId "2120690"]
[WhiteElo "2285"]
[BlackElo "1888"]
[Result "1-0"]
[Round "09"]
[TimeControl "180+2"]
[Date "2023.04.18"]
[WhiteClock "0:00:07"]
[BlackClock "0:00:17"]

1. e4 c5 2. c3 d5 3. exd5 Qxd5 4. d4 cxd4 5. cxd4 Nc6 6. Nf3 e5 7. Nc3 Bb4 8. Bd2 Bxc3 9. Bxc3 exd4 10. Nxd4 Nxd4 11. Bxd4 Nf6 12. Bxf6 Qxd1+ 13. Rxd1 gxf6 14. Bb5+ Kf8 15. Rd8+ Kg7 16. Rxh8 Kxh8 17. Kd2 Be6 18. a3 Rd8+ 19. Ke3 a6 20. Bd3 Bd5 21. f3 Re8+ 22. Kd2 Rg8 23. Bf1 h5 24. Ke3 Re8+ 25. Kd2 Rg8 26. Ke3 Re8+ 27. Kd2 Rd8 28. Ke3 Kg7 29. Bd3 h4 30. Rc1 Rd7 31. Rc8 h3 32. gxh3 Re7+ 33. Kf2 Be6 34. Rb8 Bxh3 35. Be4 b5 36. Ra8 Re6 37. Bb7 Rd6 38. Kg3 Be6 39. Bxa6 Rd2 40. Bxb5 Rxb2 41. a4 Rb4 42. Bc6 f5 43. f4 Rb3+ 44. Kf2 Rb4 45. Ke3 Rb3+ 46. Kd4 Rb4+ 47. Ke5 Rb2 48. a5 Re2+ 49. Kd6 Rd2+ 50. Kc7 Rc2 51. Kd6 Bc4 52. Ke5 Bd3 53. Bd5 Rc5 54. Kd4 Rxd5+ 55. Kxd5 Be4+ 56. Ke5 Bxa8 57. Kxf5 Bb7 58. h4 Bc8+ 59. Ke5 f6+ 60. Kd6 Kg6 61. Kc7 Ba6 62. Kb6 Bd3 63. a6 Kf5 64. h5 Kxf4 65. a7 Be4 66. h6 Kg5 67. h7 Bxh7 68. a8=Q f5 69. Qg2+ Kf6 70. Kc5 f4 71. Kd4 Bf5 72. Qf3 Kg5 73. Ke5 Bg4 74. Qxf4+ Kh4 75. Kf6 Kh3 76. Kg5 Be2 77. Qe3+ Kh2 78. Qxe2+ Kh1 79. Qg4 Kh2 80. Kf4 Kh1 81. Kf3 Kh2 82. Qg2# 1-0


[Site "https://www.chess.com"]

[Event "Titled Tuesday Blitz April 18 Early 2023"]
[White "Thomas, Anysia"]
[Black "Golubev, Mikhail"]
[WhiteFideId "670472"]
[BlackFideId "14100983"]
[WhiteElo "2091"]
[BlackElo "2374"]
[Result "0-1"]
[Round "09"]
[TimeControl "180+2"]
[Date "2023.04.18"]
[WhiteClock "0:00:06"]
[BlackClock "0:00:04"]

1. d4 Nf6 2. c4 g6 3. Nc3 Bg7 4. e4 d6 5. Nf3 O-O 6. h3 e5 7. d5 Nh5 8. g3 f5 9. exf5 gxf5 10. Ng5 Nf6 11. g4 Qe7 12. gxf5 Bxf5 13. Be3 Na6 14. a3 Nc5 15. b4 Nce4 16. Ncxe4 Nxe4 17. Nxe4 Bxe4 18. Rg1 Kh8 19. Bd3 Bxd3 20. Qxd3 e4 21. Qd1 Bc3+ 22. Ke2 Qf6 23. Qc1 Qf3+ 24. Kf1 Qxh3+ 25. Ke2 Rxf2+ 26. Bxf2 Qd3# 0-1


[Site "https://www.chess.com"]

[Event "Titled Tuesday Blitz April 18 Early 2023"]
[White "Chirivi C, Jenny Astrid"]
[Black "Avazkhonov, Alikhon"]
[WhiteFideId "4403061"]
[BlackFideId "14208504"]
[WhiteElo "2001"]
[BlackElo "1739"]
[Result "0-1"]
[Round "09"]
[TimeControl "180+2"]
[Date "2023.04.18"]
[WhiteClock "0:00:10"]
[BlackClock "0:00:07"]

1. d4 Nf6 2. c4 e6 3. Nc3 Bb4 4. Qc2 b6 5. a3 Bxc3+ 6. Qxc3 Bb7 7. Nf3 O-O 8. e3 d6 9. Be2 Nbd7 10. O-O Ne4 11. Qc2 f5 12. b4 Rf6 13. Rb1 Rg6 14. c5 Bd5 15. Bc4 Bxc4 16. Qxc4 Ng5 17. Nxg5 Qxg5 18. g3 Qg4 19. cxd6 cxd6 20. Qc6 Qe4 21. Qxe4 fxe4 22. b5 Rc8 23. Bb2 Rg5 24. Ba1 Nf6 25. h4 Rf5 26. Kg2 Ng4 27. a4 Rcf8 28. d5 Rxf2+ 29. Rxf2 Rxf2+ 30. Kg1 exd5 31. Rc1 Rf3 32. Rc8+ Kf7 33. Rc7+ Ke6 34. Rxg7 Rxg3+ 35. Kf1 Nxe3+ 36. Ke2 Rxg7 37. Bxg7 Nf5 38. Bb2 Nxh4 39. Ke3 Nf5+ 40. Kf4 h5 41. Kg5 e3 42. Bc3 d4 43. Be1 d3 44. Kf4 d2 0-1


[Site "https://www.chess.com"]

[Event "Titled Tuesday Blitz April 18 Early 2023"]
[White "Blokhin, Sofia"]
[Black "Pein, Jonathan"]
[WhiteFideId "4508190"]
[BlackFideId "417092"]
[WhiteElo "1994"]
[BlackElo "2151"]
[Result "1-0"]
[Round "09"]
[TimeControl "180+2"]
[Date "2023.04.18"]
[WhiteClock "0:00:20"]
[BlackClock "0:00:01"]

1. d4 Nf6 2. c4 e6 3. Nc3 d5 4. cxd5 Nxd5 5. e4 Nxc3 6. bxc3 c5 7. Nf3 cxd4 8. cxd4 Bb4+ 9. Bd2 Bxd2+ 10. Qxd2 O-O 11. Bd3 b6 12. O-O Bb7 13. Rac1 Nc6 14. e5 Ne7 15. Qf4 Bxf3 16. gxf3 Ng6 17. Qe4 Qg5+ 18. Kh1 Rac8 19. Rcd1 Qf4 20. Qe3 Qxe3 21. fxe3 Rc3 22. f4 Ne7 23. e4 Rd8 24. Bb5 Re3 25. d5 exd5 26. exd5 g5 27. d6 Ng6 28. e6 fxe6 29. fxg5 Re5 30. Bc4 Kg7 31. Rf6 Rxg5 32. Rxe6 b5 33. Bd3 Rd5 34. Bc2 Rxd1+ 35. Bxd1 a5 36. Bc2 Kf7 37. Re3 Rxd6 38. Bxg6+ hxg6 39. Re5 1-0


[Site "https://www.chess.com"]

[Event "Titled Tuesday Blitz April 18 Early 2023"]
[White "Matveeva, Olga"]
[Black "Kalajzic, Ivan"]
[WhiteFideId "24107018"]
[BlackFideId "14506378"]
[WhiteElo "2056"]
[BlackElo "2203"]
[Result "0-1"]
[Round "09"]
[TimeControl "180+2"]
[Date "2023.04.18"]
[WhiteClock "0:00:04"]
[BlackClock "0:00:24"]

1. d4 Nc6 2. Nf3 d6 3. g3 Bg4 4. Bg2 e5 5. d5 Nce7 6. e4 Nf6 7. Nbd2 g6 8. O-O Bg7 9. h3 Bd7 10. c4 O-O 11. Qc2 Ne8 12. b4 h6 13. c5 f5 14. Bb2 f4 15. g4 Bf6 16. Ne1 h5 17. f3 hxg4 18. hxg4 Bh4 19. Nd3 Bg3 20. Rfd1 Bb5 21. Nf1 Bxd3 22. Rxd3 g5 23. Nd2 Ng6 24. Nc4 b5 25. cxb6 axb6 26. a4 Qe7 27. Kf1 Qh7 28. a5 bxa5 29. bxa5 Qh2 30. a6 Nh4 31. a7 Nf6 32. Nxe5 dxe5 33. Bxe5 Nxg4 34. fxg4 f3 35. d6 fxg2+ 36. Ke2 g1=Q# 0-1


[Site "https://www.chess.com"]

[Event "Titled Tuesday Blitz April 18 Early 2023"]
[White "babbilator"]
[Black "Begunov, Konstantin"]
[BlackFideId "4118510"]
[WhiteElo "2273"]
[BlackElo "2087"]
[Result "0-1"]
[Round "09"]
[TimeControl "180+2"]
[Date "2023.04.18"]
[WhiteClock "0:00:02"]
[BlackClock "0:01:55"]

1. e4 c5 2. Nc3 d6 3. Nf3 a6 4. d4 cxd4 5. Nxd4 Nf6 6. f4 e5 7. Nf3 Nbd7 8. a4 Be7 9. Bd3 O-O 10. O-O b6 11. Qe1 Bb7 12. Kh1 Re8 13. Bd2 exf4 14. Bxf4 Bf8 15. Nd4 d5 16. e5 Nh5 17. Qf2 Nxf4 18. Qxf4 Nxe5 19. Rae1 f6 0-1


[Site "https://www.chess.com"]

[Event "Titled Tuesday Blitz April 18 Early 2023"]
[White "KorolDimitriy75"]
[Black "Bashirli, Saadat"]
[BlackFideId "13429990"]
[WhiteElo "2385"]
[BlackElo "1408"]
[Result "0-1"]
[Round "09"]
[TimeControl "180+2"]
[Date "2023.04.18"]
[WhiteClock "0:00:06"]
[BlackClock "0:01:02"]

1. d4 d5 2. c4 e6 3. Nc3 c6 4. e3 Nf6 5. Nf3 Nbd7 6. Bd3 dxc4 7. Bxc4 b5 8. Be2 Bd6 9. e4 e5 10. O-O O-O 11. Bg5 h6 12. Bh4 Qe7 13. Re1 Bb7 14. Bf1 Rfd8 15. Qc2 Rac8 16. Rad1 a6 17. h3 Bb8 18. dxe5 Nxe5 19. Nd4 c5 20. Nf5 Qe6 21. Bg3 Rxd1 22. Rxd1 Nxe4 23. Nxe4 Qxf5 24. f3 Nxf3+ 25. gxf3 Bxg3 26. Qg2 Be5 27. Bd3 Bxe4 28. Bxe4 Qf6 29. Rd7 Rd8 30. Rxd8+ Qxd8 31. Qg4 Qd1+ 32. Kg2 Qe2+ 33. Kg1 Bd4+ 34. Kh1 Qf1+ 35. Kh2 Be5+ 0-1


[Site "https://www.chess.com"]

[Event "Titled Tuesday Blitz April 18 Early 2023"]
[White "Sailer, Mike"]
[Black "Ansh M Shah"]
[WhiteFideId "2012901"]
[BlackFideId "25033379"]
[WhiteElo "2109"]
[BlackElo "2084"]
[Result "0-1"]
[Round "09"]
[TimeControl "180+2"]
[Date "2023.04.18"]
[WhiteClock "0:00:02"]
[BlackClock "0:00:06"]

1. d4 Nf6 2. Bg5 e6 3. Nd2 d5 4. e3 Be7 5. Bd3 h6 6. Bh4 c5 7. c3 Nc6 8. f4 b6 9. Ngf3 O-O 10. O-O a5 11. Ne5 Nxe5 12. fxe5 Nd7 13. Bxe7 Qxe7 14. Rf3 Ba6 15. Bxa6 Rxa6 16. Rg3 f6 17. exf6 Rxf6 18. Qg4 e5 19. Rf1 Rxf1+ 20. Nxf1 exd4 21. exd4 Ra8 22. Ne3 Rf8 23. h3 Nf6 24. Qf5 cxd4 25. cxd4 Qb4 26. Qg6 Ne8 27. Nf5 Qe1+ 28. Kh2 Rf6 29. Nxh6+ Kf8 30. Rf3 Rxf3 31. gxf3 Qf2+ 32. Kh1 Qxf3+ 33. Kh2 Qf2+ 34. Kh1 Qe1+ 35. Kg2 Qd2+ 36. Kh1 Qxh6 37. Qf5+ Qf6 38. Qxd5 Qd6 39. Qf5+ Kg8 40. d5 Nf6 41. Qc8+ Kf7 42. Qb7+ Kg6 43. Qa6 Qxd5+ 44. Kh2 Qd6+ 45. Kh1 Ne4 46. Qe2 Qf4 0-1


[Site "https://www.chess.com"]

[Event "Titled Tuesday Blitz April 18 Early 2023"]
[White "Tarnowska, Aleksandra"]
[Black "Kula, Robert"]
[WhiteFideId "1180967"]
[BlackFideId "1101218"]
[WhiteElo "1776"]
[BlackElo "2180"]
[Result "1/2-1/2"]
[Round "09"]
[TimeControl "180+2"]
[Date "2023.04.18"]
[WhiteClock "0:00:03"]
[BlackClock "0:01:09"]

1. e4 e5 2. Nf3 Nc6 3. Bb5 Nd4 4. Bc4 Nxf3+ 5. Qxf3 Qf6 6. Qxf6 Nxf6 7. d3 Bc5 8. h3 O-O 9. Bg5 d6 10. Nc3 Be6 11. Bb3 Bxb3 12. axb3 c6 13. Na4 Bb6 14. Bxf6 gxf6 15. Nxb6 axb6 16. Ke2 Kg7 17. Ke3 h5 18. f4 Kh6 19. g4 Rab8 20. Ra7 Rg8 21. Kf3 d5 22. b4 b5 23. Rha1 Rg7 24. R1a5 dxe4+ 25. dxe4 exf4 26. Kxf4 hxg4 27. hxg4 Rbg8 28. Rxb7 Rxg4+ 29. Ke3 Rg3+ 30. Kd4 Rg2 31. Rxf7 Kg6 32. Raa7 Rxc2 33. Rac7 Rxb2 34. Kc3 Rb1 35. Kc2 Rxb4 36. Rfe7 Rc4+ 37. Kb3 Kg5 38. Rcd7 Kf4 39. Re6 Rg3+ 40. Kb2 Rxe4 41. Rxf6+ Ke5 42. Rxc6 Re2+ 43. Kc1 Rg1+ 44. Rd1 Rgg2 45. Rc5+ Ke4 46. Rxb5 Rc2+ 47. Kb1 Ra2 48. Rb4+ Ke3 49. Rh1 Raf2 50. Rh3+ Ke2 51. Rb2+ Ke1 52. Rh1+ Rf1 53. Rxf1+ Kxf1 54. Rxg2 Kxg2 1/2-1/2


[Site "https://www.chess.com"]

[Event "Titled Tuesday Blitz April 18 Early 2023"]
[White "Buscar, Michael"]
[Black "guillan"]
[WhiteFideId "2603616"]
[WhiteElo "2010"]
[BlackElo "2062"]
[Result "1-0"]
[Round "09"]
[TimeControl "180+2"]
[Date "2023.04.18"]
[WhiteClock "0:01:21"]
[BlackClock "0:00:04"]

1. Nf3 Nf6 2. b3 e6 3. Bb2 d5 4. e3 Bd6 5. c4 O-O 6. cxd5 exd5 7. Be2 c6 8. O-O Bg4 9. d3 Nbd7 10. Nbd2 Re8 11. Qc2 Qe7 12. a3 Ne5 13. Rfe1 h6 14. Nxe5 Bxe5 15. Bxe5 Qxe5 16. d4 Qh5 17. Bxg4 Nxg4 18. Nf1 Nf6 19. b4 a6 20. a4 Ne4 21. Ng3 Qh4 22. Rab1 Rac8 23. Qd3 Qe7 24. Nxe4 dxe4 25. Qc4 Qg5 26. Qc5 Qg4 27. Rec1 Re6 28. b5 axb5 29. axb5 Rg6 30. g3 h5 31. Qe5 Rf6 32. bxc6 Rfxc6 33. Rxc6 Rxc6 34. Qb8+ Kh7 35. Qxb7 Rc2 36. Qxf7 h4 37. Qf4 Qxf4 38. gxf4 Rd2 39. h3 Kg6 40. Rb5 Kf6 41. Rh5 g5 42. Rxg5 1-0


[Site "https://www.chess.com"]

[Event "Titled Tuesday Blitz April 18 Early 2023"]
[White "Hartikainen, Jarmo"]
[Black "Ciorgovean, Iustin"]
[WhiteFideId "503134"]
[BlackFideId "1242911"]
[WhiteElo "2128"]
[BlackElo "2186"]
[Result "1-0"]
[Round "09"]
[TimeControl "180+2"]
[Date "2023.04.18"]
[WhiteClock "0:00:24"]
[BlackClock "0:00:02"]

1. e4 c6 2. d4 d5 3. Nc3 dxe4 4. Nxe4 Bf5 5. Ng3 Bg6 6. h4 h6 7. Bc4 Nd7 8. N1e2 Ngf6 9. Nf4 Bh7 10. O-O e5 11. Re1 Qc7 12. dxe5 Nxe5 13. Nfh5 Bd6 14. Nxg7+ Kf8 15. N7f5 Nxc4 16. Bxh6+ Kg8 17. Nh5 Nxh5 18. Qxh5 Bxf5 19. Qxf5 Rxh6 20. Re4 Ne5 21. Rae1 Rf8 22. h5 1-0


[Site "https://www.chess.com"]

[Event "Titled Tuesday Blitz April 18 Early 2023"]
[White "Theytookourjobs"]
[Black "Ramirez Vido, Robert Yorisan"]
[BlackFideId "3513823"]
[WhiteElo "2311"]
[BlackElo "2422"]
[Result "1-0"]
[Round "09"]
[TimeControl "180+2"]
[Date "2023.04.18"]
[WhiteClock "0:00:07"]
[BlackClock "0:00:02"]

1. d4 g6 2. Bf4 Nf6 3. Nc3 d5 4. e3 Bg7 5. h4 h5 6. Nf3 O-O 7. Nb5 Na6 8. Be2 c6 9. Nc3 Qb6 10. Na4 Qa5+ 11. c3 Bg4 12. b4 Nxb4 13. cxb4 Qxb4+ 14. Kf1 Bxf3 15. gxf3 Nd7 16. Rb1 Qa3 17. Rxb7 e5 18. dxe5 Nxe5 19. Qb3 Qc1+ 20. Kg2 Qd2 21. Qb2 Qa5 22. Qb4 Qd8 23. Qe7 Qa5 24. Bxe5 Rae8 25. Qb4 Qxb4 26. Rxb4 Rxe5 27. Nc5 Rd8 28. Nd3 Re7 29. Rhb1 Bf6 30. Rb7 Rdd7 31. Rxd7 Rxd7 32. Kg3 Re7 33. f4 d4 34. Kf3 Bxh4 35. Ne5 c5 36. Rc1 Rc7 37. Bc4 dxe3 38. fxe3 Kg7 39. Nxf7 Bf6 40. Ne5 Rb7 41. Ke4 Rb4 42. Kd5 h4 43. Rg1 g5 44. fxg5 Bxe5 45. Kxe5 Rxc4 46. Kd5 Rc2 47. Rh1 Kg6 48. Rxh4 Kxg5 49. Ra4 Re2 50. e4 Rc2 51. Rxa7 c4 52. e5 c3 53. e6 Rd2+ 54. Ke4 c2 55. Rc7 Re2+ 56. Kd3 Rxe6 57. Kxc2 Ra6 58. Kb3 Kf6 59. a4 Ke6 60. Kb4 Kd6 61. Rc1 Kd7 62. Kb5 Ra8 63. a5 Rb8+ 64. Ka6 Ra8+ 65. Kb6 Rb8+ 66. Ka7 Rb2 67. a6 Rb3 68. Rc4 Rb4 69. Rxb4 1-0


[Site "https://www.chess.com"]

[Event "Titled Tuesday Blitz April 18 Early 2023"]
[White "Barwinska, Ewa"]
[Black "littlepillow2010"]
[WhiteFideId "21833761"]
[WhiteElo "1908"]
[BlackElo "2396"]
[Result "0-1"]
[Round "09"]
[TimeControl "180+2"]
[Date "2023.04.18"]
[WhiteClock "0:00:01"]
[BlackClock "0:00:44"]

1. e4 c5 2. Nf3 d6 3. c3 Nf6 4. Bd3 Nc6 5. h3 e5 6. Bc2 Be7 7. O-O O-O 8. d4 Qc7 9. Re1 b5 10. Nbd2 Bb7 11. Nf1 cxd4 12. cxd4 Nb4 13. Bb1 Rac8 14. a3 Nc2 15. Bxc2 Qxc2 16. dxe5 dxe5 17. Nxe5 Nxe4 18. Qxc2 Rxc2 19. Ne3 Rxf2 20. N5g4 Bh4 21. Rd1 Re2 22. Nf5 Bg5 23. Bxg5 Nxg5 24. Nge3 g6 25. Ne7+ Kg7 26. N7d5 Rxb2 27. Rab1 Rxb1 28. Rxb1 a6 29. Nb4 Re8 30. Ng4 Re2 31. Nf2 Ne4 32. Rf1 Ng3 33. Rd1 Nf5 34. Rd7 Re7 35. Rd2 Nh4 36. Nbd3 Nxg2 37. Nc5 Nh4 38. Nxb7 Nf3+ 39. Kg2 Nxd2 40. Nc5 Nc4 41. Nxa6 Nxa3 42. Nb4 Nc4 43. Nfd3 f5 44. Nd5 Rd7 45. N3b4 Kf7 46. Kf3 Ke6 47. Nf4+ Ke5 48. Nbd3+ Kd4 49. Nb4 Ne5+ 50. Kg3 Kc4 0-1


[Site "https://www.chess.com"]

[Event "Titled Tuesday Blitz April 18 Early 2023"]
[White "Liu, Casper"]
[Black "Inepton_Fermion"]
[WhiteFideId "1454153"]
[WhiteElo "2221"]
[BlackElo "2253"]
[Result "0-1"]
[Round "09"]
[TimeControl "180+2"]
[Date "2023.04.18"]
[WhiteClock "0:00:09"]
[BlackClock "0:00:57"]

1. e4 g6 2. h4 h5 3. Nf3 Bg7 4. d4 d6 5. c3 Bg4 6. Qb3 Nd7 7. Ng5 e6 8. f3 Ngf6 9. fxg4 Nxg4 10. Bc4 Qe7 11. O-O Ndf6 12. Bf4 O-O 13. e5 dxe5 14. dxe5 Qc5+ 15. Kh1 Nf2+ 16. Kh2 N6g4+ 17. Kg3 Bxe5 18. Nd2 Bxf4+ 19. Kxf4 Qe5+ 20. Kf3 Qe3# 0-1


[Site "https://www.chess.com"]

[Event "Titled Tuesday Blitz April 18 Early 2023"]
[White "Yanayt, Eugene"]
[Black "Quirke, Jeffrey"]
[WhiteFideId "2020165"]
[BlackFideId "2013029"]
[WhiteElo "2083"]
[BlackElo "2236"]
[Result "0-1"]
[Round "09"]
[TimeControl "180+2"]
[Date "2023.04.18"]
[WhiteClock "0:00:10"]
[BlackClock "0:00:06"]

1. d4 Nf6 2. c4 g6 3. Nc3 d5 4. Nf3 Bg7 5. cxd5 Nxd5 6. Bd2 Nxc3 7. Bxc3 O-O 8. e3 c5 9. h4 Nc6 10. h5 Bg4 11. d5 Bxc3+ 12. bxc3 Ne5 13. Be2 Bxf3 14. Bxf3 Qa5 15. Rc1 g5 16. h6 Qxa2 17. Be4 f6 18. O-O Qa6 19. Bf5 Qd6 20. f4 gxf4 21. exf4 Ng6 22. Qg4 Kh8 23. Be6 f5 24. Qg5 Rf6 25. Rce1 Raf8 26. g4 fxg4 27. Re4 Rxf4 28. Rfxf4 Rxf4 29. Re3 Ra4 30. Qxg4 Ra1+ 31. Kg2 Ra2+ 32. Kf3 Ra3 33. Qf5 Nh4+ 34. Ke4 Nxf5 35. Bxf5 Qf6 36. Rf3 Rxc3 37. Rxc3 Qxc3 38. Be6 Qd4+ 39. Kf5 c4 40. d6 c3 41. dxe7 Qc5+ 42. Kf6 Qxe7+ 43. Kxe7 c2 44. Bf5 c1=Q 45. Kf6 Qc3+ 46. Kf7 b5 47. Be6 b4 48. Bd5 b3 49. Be6 b2 50. Kf8 b1=Q 51. Bd7 Qb8+ 52. Ke7 Qc5+ 53. Ke6 Qbd6+ 54. Kf7 Qxd7+ 55. Kf6 Qdd6+ 56. Kf7 Qcc7+ 57. Ke8 Qdd8# 0-1


[Site "https://www.chess.com"]

[Event "Titled Tuesday Blitz April 18 Early 2023"]
[White "Kuchava, Ana"]
[Black "Leve, Nitai"]
[WhiteFideId "13605348"]
[BlackFideId "2006898"]
[WhiteElo "2001"]
[BlackElo "2144"]
[Result "0-1"]
[Round "09"]
[TimeControl "180+2"]
[Date "2023.04.18"]
[WhiteClock "0:00:12"]
[BlackClock "0:00:39"]

1. d4 d5 2. Nf3 Nf6 3. c4 c6 4. Qb3 dxc4 5. Qxc4 g6 6. Bg5 Bg7 7. Nc3 O-O 8. g3 Nbd7 9. Bg2 Nb6 10. Qb3 Be6 11. Qc2 Nfd5 12. O-O h6 13. Bc1 Qd7 14. e4 Nxc3 15. bxc3 Bh3 16. Ba3 Nc4 17. Bxh3 Qxh3 18. Bxe7 Rfe8 19. Bc5 b6 20. Qd3 Qe6 21. Qd2 bxc5 22. Qd3 cxd4 23. cxd4 Nb6 24. Rac1 Qxe4 25. Qxe4 Rxe4 26. Rxc6 Bxd4 27. Nxd4 Rxd4 0-1


[Site "https://www.chess.com"]

[Event "Titled Tuesday Blitz April 18 Early 2023"]
[White "Aanna12"]
[Black "Szyszylo, Rafal"]
[BlackFideId "1109626"]
[WhiteElo "2205"]
[BlackElo "1951"]
[Result "1-0"]
[Round "09"]
[TimeControl "180+2"]
[Date "2023.04.18"]
[WhiteClock "0:01:01"]
[BlackClock "0:00:31"]

1. e4 g6 2. d4 d6 3. f4 Nf6 4. Nc3 Bg7 5. Nf3 O-O 6. Bd3 Na6 7. O-O c5 8. d5 Bg4 9. Bc4 Nd7 10. a4 Nb4 11. a5 b6 12. a6 Rb8 13. h3 Bxf3 14. Rxf3 Nf6 15. Qe2 Nd7 16. Nb5 Ra8 17. c3 Nxa6 18. Rxa6 Qb8 19. Bd2 Qb7 20. Ra1 a6 21. Na3 b5 22. Bd3 c4 23. Bc2 Nc5 24. Be3 a5 25. Bxc5 dxc5 26. Nb1 Rfd8 27. Nd2 Rd6 28. e5 Rxd5 29. Be4 Rxd2 30. Bxb7 Rxe2 31. Bxa8 a4 32. Rf2 Re3 33. Bc6 f6 34. exf6 Bxf6 35. Bxb5 a3 36. Bxc4+ Kg7 37. Rxa3 Re1+ 38. Kh2 Rb1 39. Ra5 Bh4 40. g3 Bf6 41. Rxc5 e5 42. fxe5 Bxe5 43. Rxe5 1-0


[Site "https://www.chess.com"]

[Event "Titled Tuesday Blitz April 18 Early 2023"]
[White "Rodriguez Santiago, Jaime"]
[Black "Necula, Iulian"]
[WhiteFideId "3100898"]
[BlackFideId "1232380"]
[WhiteElo "2025"]
[BlackElo "1790"]
[Result "1-0"]
[Round "09"]
[TimeControl "180+2"]
[Date "2023.04.18"]
[WhiteClock "0:00:21"]
[BlackClock "0:00:02"]

1. c4 d6 2. Nc3 e5 3. g3 f5 4. Bg2 Nf6 5. d3 c6 6. e3 Be7 7. Nge2 O-O 8. O-O Be6 9. Rb1 a5 10. a3 Nbd7 11. b4 axb4 12. axb4 Qc7 13. b5 Rfb8 14. h3 d5 15. cxd5 Nxd5 16. Nxd5 Bxd5 17. Bxd5+ cxd5 18. d4 Rd8 19. dxe5 Nxe5 20. Nd4 Qd7 21. Bb2 Bf6 22. Ba1 g6 23. Qb3 Nc4 24. Rfc1 Nd2 25. Qd3 Nxb1 26. Qxb1 Rdc8 27. Rd1 Rc4 28. Qd3 Rac8 29. Kg2 Kg7 30. b6 h6 31. Qb3 Rc1 32. Rxc1 Rxc1 33. Qb2 Rc8 34. f3 Kf7 35. g4 fxg4 36. hxg4 Qe7 37. Qb5 Bxd4 38. Bxd4 Rc2+ 39. Kh3 Rc6 40. Qxd5+ Qe6 41. Qd8 Rd6 42. Qh8 Ke7 43. Bc5 Kd7 44. Qg7+ Kc6 45. Bxd6 Qxd6 46. Qxh6 Kxb6 47. Qg7 Kc5 48. Qc3+ Kb6 49. Qb3+ Kc7 50. f4 b6 51. Kg3 Kb7 52. Kh4 Qf6+ 53. g5 Qf5 54. Qc3 b5 55. Qf6 Qe4 56. Qd4 Qh1+ 57. Kg3 Qg1+ 58. Kf3 Qf1+ 59. Ke4 Qg2+ 60. Ke5 Qc6 61. Qb4 Qe8+ 62. Kf6 Qc6+ 63. Kg7 Qe6 64. e4 1-0


[Site "https://www.chess.com"]

[Event "Titled Tuesday Blitz April 18 Early 2023"]
[White "Mihajlovskij"]
[Black "Derichs, Roger"]
[BlackFideId "4630076"]
[WhiteElo "2140"]
[BlackElo "2311"]
[Result "0-1"]
[Round "09"]
[TimeControl "180+2"]
[Date "2023.04.18"]
[WhiteClock "0:01:37"]
[BlackClock "0:01:58"]

1. e4 e6 2. d4 d5 3. e5 c5 4. c3 Ne7 5. dxc5 Nd7 6. b4 Nxe5 7. Nf3 Nxf3+ 8. Qxf3 Ng6 9. Be3 Be7 10. Nd2 O-O 11. g3 Bd7 12. Bg2 a5 13. Qe2 Qe8 14. a4 axb4 15. cxb4 Rxa4 16. Rxa4 Bxa4 17. h4 Bb5 18. Qg4 Ne5 19. Qd4 Nd3+ 20. Kf1 Bf6 0-1


[Site "https://www.chess.com"]

[Event "Titled Tuesday Blitz April 18 Early 2023"]
[White "Torres Dominguez, David"]
[Black "Pourkashiyan, Atousa"]
[WhiteFideId "2220857"]
[BlackFideId "12502014"]
[WhiteElo "1999"]
[BlackElo "2228"]
[Result "0-1"]
[Round "09"]
[TimeControl "180+2"]
[Date "2023.04.18"]
[WhiteClock "0:00:18"]
[BlackClock "0:01:59"]

1. e4 c5 2. Nc3 e6 3. f4 a6 4. Nf3 b5 5. d3 Bb7 6. Be2 Nc6 7. O-O Nf6 8. Qe1 Be7 9. Bd2 Qc7 10. e5 Nd5 11. Ne4 Nd4 12. Bd1 b4 13. Kh1 O-O 14. c4 bxc3 15. bxc3 Nf5 16. c4 Nb4 17. g4 Nxd3 18. Qe2 Nb2 19. gxf5 Nxd1 20. Raxd1 exf5 21. Ng3 g6 22. Qg2 d6 23. Kg1 dxe5 24. Nxf5 exf4 25. Bc3 f6 26. Rde1 Rae8 27. Qg4 Bd8 28. Nh6+ Kh8 29. Rxe8 Rxe8 30. Bxf6+ Bxf6 31. Ng5 Bd4+ 32. Rf2 Re1# 0-1


[Site "https://www.chess.com"]

[Event "Titled Tuesday Blitz April 18 Early 2023"]
[White "Steenbekkers, Franck"]
[Black "Birkisson, Bardur Orn"]
[WhiteFideId "1004220"]
[BlackFideId "2310597"]
[WhiteElo "2104"]
[BlackElo "2062"]
[Result "0-1"]
[Round "09"]
[TimeControl "180+2"]
[Date "2023.04.18"]
[WhiteClock "0:02:13"]
[BlackClock "0:01:32"]

1. e4 Nf6 2. e5 Nd5 3. d4 d6 4. Nf3 dxe5 5. Nxe5 c6 6. Be2 Bf5 7. O-O e6 8. c4 Nb4 9. Nc3 Nc2 10. Bf4 Nxa1 11. Qxa1 Qxd4 12. Bg3 Be7 13. Rd1 Qb6 14. Bf3 O-O 15. Ne4 Bxe4 16. Bxe4 f5 17. Bf3 f4 18. Nd7 Nxd7 19. Rxd7 fxg3 20. Rxe7 Qxf2+ 21. Kh1 Rxf3 22. b3 Qf1+ 0-1


[Site "https://www.chess.com"]

[Event "Titled Tuesday Blitz April 18 Early 2023"]
[White "Gonzalez, Francisco Silva"]
[Black "Ciuffoletti, Paolo"]
[WhiteFideId "1512285"]
[BlackFideId "807630"]
[WhiteElo "2074"]
[BlackElo "2143"]
[Result "1-0"]
[Round "09"]
[TimeControl "180+2"]
[Date "2023.04.18"]
[WhiteClock "0:01:25"]
[BlackClock "0:00:04"]

1. d4 d5 2. c4 c6 3. Nc3 Nf6 4. e3 a6 5. Bd3 b5 6. b3 Bg4 7. Nge2 e6 8. h3 Bh5 9. a4 b4 10. Nb1 a5 11. Bb2 Nbd7 12. Qc2 Be7 13. Nd2 O-O 14. Nf4 Bg6 15. Bxg6 hxg6 16. g4 Bd6 17. c5 Bc7 18. g5 Nh7 19. h4 e5 20. dxe5 Bxe5 21. Nf3 Bxb2 22. Qxb2 Nxc5 23. Qc2 Ne4 24. Qxc6 Rc8 25. Qxd5 Nc3 26. Qxd8 Rfxd8 27. Nd4 Nf8 28. h5 gxh5 29. Rxh5 Ng6 30. Nxg6 fxg6 31. Rh4 Nd5 32. Rd1 Rf8 33. Ne6 Rfe8 34. Rxd5 Rxe6 35. Rxa5 Rc3 36. Rxb4 Rd6 37. Rb7 Rc1+ 38. Ke2 Rc2+ 39. Kf3 1-0


[Site "https://www.chess.com"]

[Event "Titled Tuesday Blitz April 18 Early 2023"]
[White "Tuleyeva-Aketayeva, Dana"]
[Black "Alexikov, Alexander"]
[WhiteFideId "13701932"]
[BlackFideId "14103958"]
[WhiteElo "2030"]
[BlackElo "2186"]
[Result "0-1"]
[Round "09"]
[TimeControl "180+2"]
[Date "2023.04.18"]
[WhiteClock "0:00:02"]
[BlackClock "0:00:28"]

1. d4 Nf6 2. Nf3 d6 3. g3 g6 4. Bg2 Bg7 5. O-O O-O 6. c4 c6 7. Nc3 a6 8. Re1 Nbd7 9. e4 e5 10. dxe5 dxe5 11. Bg5 Qe7 12. Qd2 b5 13. cxb5 axb5 14. a3 Nb6 15. Qc2 h6 16. Bxf6 Bxf6 17. a4 b4 18. a5 Nc4 19. b3 Nxa5 20. Na4 Ra7 21. Nb6 Be6 22. Reb1 Rb8 23. Na4 Bg7 24. Bf1 f6 25. Nc5 Bc8 26. Ra4 Rba8 27. Rba1 Bf8 28. Nh4 Qxc5 29. Qd1 Kg7 30. Bc4 Nxc4 31. Rxa7+ Rxa7 32. Rxa7+ Qxa7 33. bxc4 Qd4 34. Qa4 Qxc4 35. Qa7+ Qf7 36. Qb8 Be6 37. Qb6 c5 38. Nf3 c4 0-1


[Site "https://www.chess.com"]

[Event "Titled Tuesday Blitz April 18 Early 2023"]
[White "Osuna Vega, Enrique"]
[Black "Manon-og, Ramon Jr."]
[WhiteFideId "2219549"]
[BlackFideId "5200776"]
[WhiteElo "2131"]
[BlackElo "2382"]
[Result "0-1"]
[Round "09"]
[TimeControl "180+2"]
[Date "2023.04.18"]
[WhiteClock "0:00:01"]
[BlackClock "0:01:34"]

1. e4 c5 2. Nf3 d6 3. d4 cxd4 4. Nxd4 Nf6 5. f3 a6 6. c4 e6 7. Nc3 Be7 8. Be3 O-O 9. Be2 Nc6 10. O-O Bd7 11. Rc1 Rc8 12. Qd2 Nxd4 13. Bxd4 Nh5 14. f4 Nxf4 15. Qxf4 e5 16. Qd2 exd4 17. Nd5 Bg5 18. Nf4 Qf6 19. g3 Qe5 20. Qd3 b5 21. cxb5 Rxc1 22. Rxc1 Bxf4 23. gxf4 Qxf4 24. Rf1 Qg5+ 25. Qg3 Qd2 26. Bc4 axb5 27. Bd5 Be6 28. Bxe6 Qe3+ 0-1


[Site "https://www.chess.com"]